 Dungeon Crawl Stone Soup version 0.16.1-51-g6203257 (webtiles) character file.

17 mossdog the Grave Robber (level 2, -4/20 HPs)
             Began as a Hill Orc Necromancer on Aug 1, 2015.
             Slain by a worm (11 damage)
             ... on level 2 of the Dungeon.
             The game lasted 00:05:00 (1011 turns).

mossdog the Grave Robber (Hill Orc Necromancer)     Turns: 1011, Time: 00:05:00

Health: -4/20      AC:  2    Str: 10    XL:     2   Next: 62%
Magic:  2/3        EV: 12    Int: 15    God:
Gold:   48         SH:  0    Dex: 11    Spells: 2 memorised, 2 levels left

rFire  . . .     SeeInvis .     e - +0 mace
rCold  . . .     Clarity  .     a - +0 robe
rNeg   . . .     SustAb   .     (no shield)
rPois  .         Gourm    .     (no helmet)
rElec  .         Spirit   .     (no cloak)
rCorr  .         Warding  .     (no gloves)
rMut   .         Stasis   .     (no boots)
MR     .....                    (no amulet)
Stlth  ++........               (no ring)
                                (no ring)

@: not resistant to hostile enchantments, unstealthy
A: no striking features
a: no special abilities


You were on level 2 of the Dungeon.
You were not hungry.

You visited 1 branch of the dungeon, and saw 2 of its levels.

You collected 48 gold pieces.

Inventory:

Hand weapons
 e - a +0 mace (weapon)
Missiles
 g - 27 bolts
 j - 16 poisoned needles
Armour
 a - a +0 robe (worn)
 h - a +0 shield
Jewellery
 l - an uncursed ring of see invisible {unknown}
 p - a cursed -3 ring of intelligence {unknown}
 q - a +2 ring of slaying {unknown}
Scrolls
 k - a scroll of fear {unknown}
 m - a scroll of immolation {unknown}
 o - a scroll of random uselessness {unknown}
 s - a scroll of remove curse {unknown}
Potions
 i - a potion of beneficial mutation {unknown}
 n - a potion of cancellation {unknown}
 r - a potion of flight {unknown}
Books
 b - a book of Necromancy

   Spells                             Type                      Level
   a - Pain                           Necromancy                   1
   b - Animate Skeleton               Necromancy                   1
   c - Vampiric Draining              Necromancy                   3
   d - Regeneration                   Charms/Necromancy            3
   e - Animate Dead                   Necromancy                   4
   f - Control Undead                 Necromancy                   4
Comestibles
 c - a meat ration
 d - a beef jerky
 f - a chunk of flesh


   Skills:
 + Level 0.2 Maces & Flails
 + Level 1.5 Dodging
 + Level 1.5 Stealth
 + Level 1.6 Spellcasting
 + Level 4.6 Necromancy


You had 2 spell levels left.
You knew the following spells:

 Your Spells              Type           Power        Failure   Level  Hunger
a - Pain                  Necr           ###.         3%          1    ##.....
b - Animate Skeleton      Necr           N/A          3%          1    ##.....


Dungeon Overview and Level Annotations

Branches:
Dungeon (2/15)

Altars:
Vehumet


Message History

The worm bites your giant newt skeleton.
A worm is nearby!
You start resting.
Casting: Pain
Confirm with . or Enter, or press ? or * to list all spells.
Aiming: Pain
Press: ? - help, Shift-Dir - straight line, f - worm
Aim: a worm (moderately wounded, hasn't noticed you, chance 80%)
The worm convulses in agony!
You hit the worm.
The worm is severely wounded.
The worm bites you!
Ouch! That really hurt!
You hit the worm.
The worm is almost dead.
You hit the worm.
The worm is almost dead.
The worm bites you!
Ouch! That really hurt!
You die...

... ....... ..# .......
....# ........ ⌠.....
.......# ....... #.#....
..._...###....##
.......#..w.#..# .
...........@###.##.# .#
......#)#....#.##.##.##
.........)...).........#
.....#<.#...........#.#
##.. #.........#....#.#
>.. ##..............#.# .
#...............#.#
[....#.....##....##.###
.###.##....##.....#...###


You could see a worm.

Vanquished Creatures
  4 bats
  3 goblins (D:1)
  2 giant newts
  3 kobolds
  4 rats
16 creatures vanquished.

Vanquished Creatures (collateral kills)
  3 goblins (D:2)
  A rat (D:2)
4 creatures vanquished.

Vanquished Creatures (others)
  A bat skeleton (D:2)
  A giant newt skeleton (D:2)
2 creatures vanquished.

Grand Total: 22 creatures vanquished

Notes
Turn   | Place    | Note
--------------------------------------------------------------
     0 | D:1      | mossdog, the Hill Orc Necromancer, began the quest for the Orb.
     0 | D:1      | Reached XP level 1. HP: 14/14 MP: 2/2
   306 | D:1      | Reached XP level 2. HP: 17/20 MP: 1/3
   397 | D:1      | Learned a level 1 spell: Animate Skeleton
   982 | D:2      | Found a radiant altar of Vehumet.
  1011 | D:2      | Slain by a worm

Action                   || total
-------------------------++-------
Melee: Mace              ||    22
 Cast: Pain              ||    16
       Animate Skeleton  ||     3
  Eat: Chunk             ||     1
